 Dungeon Crawl Stone Soup version 0.30-a0-445-g92f4fb2d71 (webtiles) character file.

Game seed: 15104146653960670232

24415 Emberiza the Severer (level 12, 0/159 HPs)
             Began as a Minotaur Berserker on Dec 11, 2022.
             Was a High Priest of Trog.
             Killed by divine providence
             ... invoked by Saint Roka
              (12 damage)
             ... on level 2 of the Orcish Mines.
             The game lasted 00:27:16 (11789 turns).

Emberiza the Severer (Minotaur Berserker)          Turns: 11789, Time: 00:27:16

Health: 0/159      AC: 21    Str: 27    XL:     12   Next: 80%
Magic:  11/11      EV:  9    Int:  4    God:    Trog [*****.]
Gold:   1470       SH: 10    Dex: 10    Spells: 11/11 levels left

rFire   . . .      SeeInvis .    L - +1 broad axe
rCold   . . .      Faith    .    K - +0 kite shield
rNeg    . . .      Spirit   .    A - +0 plate armour
rPois   .          Reflect  .    (helmet restricted)
rElec   .          Harm     .    k - +0 cloak
rCorr   .          Rampage  .    (no gloves)
Will    +++..                    n - +0 pair of boots
Stlth   ..........               z - amulet of regeneration
HPRegen 2.26/turn                g - ring of willpower
MPRegen 0.12/turn                H - +4 ring of protection

@: berserking, lethally poisoned (0 -> 0), marked, strong-willed, regenerating,
very quick
A: horns 2, retaliatory headbutt
a: Renounce Religion, Berserk, Trog's Hand, Brothers in Arms


You were on level 2 of the Orcish Mines.
You worshipped Trog.
Trog was extremely pleased with you.
You visited 2 branches of the dungeon, and saw 13 of its levels.
You also visited: Bailey.

You collected 1635 gold pieces.
You spent 165 gold pieces at shops.

Inventory:

Hand Weapons
 a - a +0 hand axe
 r - a +2 hand axe of electrocution
 w - a +0 war axe
 L - a +1 broad axe (weapon)
 M - a +3 hand axe of freezing
Missiles
 f - a throwing net (quivered)
 i - 63 poisoned darts
Armour
 b - a +0 animal skin
 d - a +1 chain mail
 k - a +0 cloak (worn)
 n - a +0 pair of boots (worn)
 A - a +0 plate armour (worn)
 K - a +0 kite shield (worn)
Jewellery
 g - a ring of willpower (left hand)
 y - a ring of protection from fire
 z - an amulet of regeneration (around neck)
 D - a ring of see invisible
 H - a +4 ring of protection (right hand)
 O - an amulet of the acrobat
Wands
 j - a wand of light (6)
 s - a wand of paralysis (13)
 G - a wand of iceblast (20)
 I - a wand of polymorph (7)
 N - a wand of flame (34)
Scrolls
 o - 11 scrolls of teleportation
 B - 4 scrolls of enchant armour
 C - 4 scrolls of magic mapping
 J - 4 scrolls of fear
Potions
 e - a potion of invisibility {unknown}
 h - a potion of berserk rage {unknown}
 l - 3 potions of brilliance
 p - 2 potions of heal wounds
 q - a potion of attraction {unknown}
 t - 2 potions of haste
 u - 5 potions of lignification
 v - 4 potions of magic
 x - 6 potions of curing
 E - 3 potions of flight
 F - a potion of cancellation {unknown}


   Skills:
 + Level 10.2 Fighting
 - Level 18.0 Axes
 + Level 9.9 Armour
 + Level 9.0 Dodging
 + Level 9.5 Shields


You had 11 spell levels left.
You didn't know any spells.
Your spell library was empty.

Dungeon Overview and Level Annotations

Branches:
Dungeon (11/15)            Temple (0/1) D:4            Lair (0/5) D:10
    Orc (2/2) D:11            Elf (0/3) Orc:2        Bailey (visited)

Altars:
Ashenzari
Cheibriados
Elyvilon
Fedhas
Hepliaklqana
Kikubaaqudgha
Makhleb
Nemelex Xobeh
Okawaru
Qazlal
Uskayaw
Vehumet
Wu Jian
Zin

Shops:
D:5 =   D:8 *[[[

Annotations:
D:10 3 runed translucent doors, ratemal's ghost, novice DrCj
Orc:2 Saint Roka


Innate Abilities, Weirdness & Mutations

You have a pair of horns on your head.
You reflexively headbutt those who attack you in melee.


Message History

* * * LOW HITPOINT WARNING * * *
Your ogre hits the orc knight with a +0 giant spiked club!!
You feel very sick.
The orc knight hits your ogre with a +0 great sword!!
Your ogre closely misses the orc knight.
A red film seems to cover your vision as you go berserk!
You feel yourself moving faster!
You feel mighty!
You feel sick.
The orc knight hits your ogre with a +0 great sword!!
Your ogre dies!
Your ogre's corpse disappears in a puff of smoke!
The orc knight shouts!
You hit Saint Roka. You headbutt Saint Roka!
Saint Roka is lightly wounded.
You hit the orc priest.
You feel sick.
Saint Roka hits you with a +2 vorpal war axe!!
* * * LOW HITPOINT WARNING * * *
x2 You closely miss Saint Roka.
You headbutt Saint Roka.
Saint Roka is lightly wounded.
You slash the orc knight!
You feel sick.
You barely miss the orc knight.
The orc knight is severely wounded.
You slash Saint Roka!
You feel sick. You block Saint Roka's attack.
You barely miss the orc knight. Your headbutt misses the orc knight.
The orc knight is severely wounded.
You slash Saint Roka! You barely miss the orc knight.
Your headbutt misses the orc knight.
The orc knight is severely wounded.
You hit Saint Roka but do no damage.
You feel sick. You block Saint Roka's attack.
You barely miss the orc priest. You headbutt the orc priest!
You kill the orc priest!
Trog accepts your kill.
You barely miss the orc knight. You slash Saint Roka!
You slice the orc knight!!
You kill the orc knight!
Trog accepts your kill.
You slash Saint Roka!
You feel sick.
Saint Roka invokes the aid of Beogh against you.
Beogh smites you!
You die...

.................................
.................................
.........).......................
........)................ .
........)................ ..
.....)......)............ ...
.......)..........)...... ....
................)oo...... ....
...........####)@#.....#. #...
........)..# ####8o..8# #...
...........# {....# #...
...........# .....# ##...
............# ..o.o# ##....
.............# ....oo. #.....
...........### o...... ###...
............ 8..... .)...........
......


You could see Saint Roka (strong) and an orc wizard (strong).

Vanquished Creatures
  Erolcha (D:11)
  A boulder beetle (D:11)
  A centaur warrior (D:10)
  2 two-headed ogres (D:11)
  Erica (D:9)
  An orc high priest (Orc:2)
  Nergalle (D:11)
  4 orc knights
  2 orc sorcerers (Orc:2)
  An elephant (D:10)
  2 manticores (D:11)
  Joseph (D:7)
  A gargoyle (D:11)
  2 komodo dragons (D:11)
  An unseen horror (D:11)
  2 trolls
  Prince Ribbit (D:5)
  A hornet (D:10)
  A wraith (D:11)
  A vampire (D:11)
  A shadow (D:11)
  13 yaks
  A basilisk (D:10)
  5 humans (Bailey)
  2 steam dragons (D:8)
  A water moccasin (D:5)
  Duvessa (D:6)
  22 orc warriors
  2 black bears
  A sky beast (D:7)
  11 ogres
  4 centaurs
  2 phantoms
  7 kobold brigands
  A necrophage (D:4)
  9 bullfrogs (Bailey)
  A gnoll sergeant (Orc:2)
  2 scorpions
  12 wights
  Dowan (D:6)
  22 killer bees
  4 howler monkeys
  7 hounds
  2 jellies
  2 gnoll boudas
  13 orc priests
  6 iguanas
  10 orc wizards
  A statue (D:4)
  11 gnolls
  13 adders
  4 white imps
  2 worms
  5 dart slugs
  83 orcs
  7 bats
  7 endoplasms
  2 giant cockroaches (D:2)
  5 goblins
  11 hobgoblins
  2 jackals (D:4)
  2 quokkas
  10 ball pythons
  3 frilled lizards
  47 kobolds
  4 rats
  A spectral orc (D:10)
413 creatures vanquished.

Vanquished Creatures (collateral kills)
  A vault guard (Bailey)
  Lodul (D:11)
  An orc sorcerer (Orc:2)
  A blink frog (Bailey)
  2 wargs (Orc:2)
  4 orc warriors
  2 ogres (D:11)
  4 orcs
16 creatures vanquished.

Vanquished Creatures (others)
  A butterfly (D:6)
  A fungus (D:10)
  12 plants
14 creatures vanquished.

Grand Total: 443 creatures vanquished

Notes
Turn   | Place    | Note
-------+----------+-------------------------------------------
     0 | D:1      | Emberiza the Minotaur Berserker began the quest for the
                  | Orb.
     0 | D:1      | Reached XP level 1. HP: 19/19 MP: 0/0
   236 | D:1      | Reached skill level 4 in Axes
   298 | D:1      | Reached XP level 2. HP: 26/26 MP: 1/1
  1027 | D:2      | Identified the +9 dagger of Mupp {freeze, rN++ rCorr Int+4
                  | Dex+4}
  1159 | D:2      | Reached skill level 5 in Axes
  1176 | D:2      | Found a sparkling altar of Nemelex Xobeh.
  1188 | D:2      | Reached XP level 3. HP: 31/31 MP: 2/2
  1301 | D:2      | Reached ** piety under Trog
  1320 | D:2      | Reached skill level 6 in Axes
  1320 | D:2      | Reached XP level 4. HP: 37/39 MP: 3/3
  1981 | D:3      | Found an ornate altar of the Wu Jian Council.
  2500 | D:4      | Noticed a scorpion
  2505 | D:4      | Killed a scorpion
  2506 | D:4      | Reached skill level 7 in Axes
  2506 | D:4      | Reached XP level 5. HP: 45/45 MP: 4/4
  2532 | D:4      | Reached skill level 8 in Axes
  2533 | D:4      | Reached XP level 6. HP: 51/51 MP: 5/5
  2582 | D:4      | Reached skill level 9 in Axes
  2630 | D:4      | Found a staircase to the Ecumenical Temple.
  2674 | D:4      | Found a radiant altar of Vehumet.
  2766 | D:4      | Reached XP level 7. HP: 57/57 MP: 6/6
  3081 | D:5      | Entered Level 5 of the Dungeon
  3089 | D:5      | Found a blossoming altar of Fedhas.
  3096 | D:5      | Reached skill level 10 in Axes
  3109 | D:5      | Reached *** piety under Trog
  3124 | D:5      | Reached skill level 11 in Axes
  3136 | D:5      | Found a stormy altar of Qazlal.
  3208 | D:5      | Found Kyffatho's Jewellery Emporium.
  3518 | D:5      | Reached XP level 8. HP: 62/64 MP: 7/7
  3577 | D:5      | Reached skill level 12 in Axes
  3668 | D:5      | Noticed Prince Ribbit
  3687 | D:5      | Killed Prince Ribbit
  3893 | D:6      | Reached skill level 13 in Axes
  3988 | D:6      | Found a white marble altar of Elyvilon.
  4027 | D:6      | Reached skill level 14 in Axes
  4032 | D:6      | Reached XP level 9. HP: 47/69 MP: 8/8
  4386 | D:6      | Noticed Duvessa
  4387 | D:6      | Noticed Dowan
  4392 | D:6      | Killed Duvessa
  4394 | D:6      | Killed Dowan
  4628 | D:6      | Reached skill level 15 in Axes
  4675 | D:6      | Found a hide-covered altar of Uskayaw.
  4908 | D:7      | Noticed Joseph
  4920 | D:7      | Killed Joseph
  5463 | D:7      | Reached skill level 16 in Axes
  5465 | D:7      | Reached **** piety under Trog
  5724 | D:7      | Found a broken altar of Ashenzari.
  5898 | D:8      | Reached skill level 17 in Axes
  5898 | D:8      | Reached XP level 10. HP: 45/77 MP: 9/9
  6513 | D:8      | Found Nowadgh's Antique Armour Boutique.
  6517 | D:8      | Found Nuyc Ang's Armour Boutique.
  6562 | D:8      | Found Jonwu's Antique Armour Boutique.
  6571 | D:8      | Found Pidankohao's Assorted Antiques.
  6581 | D:8      | Bought a kite shield for 117 gold pieces
  6594 | D:8      | Bought a scroll labelled JIREAK KOUNT for 24 gold pieces
  6594 | D:8      | Bought a scroll labelled JIREAK KOUNT for 24 gold pieces
  6757 | D:8      | Found an ancient bone altar of Kikubaaqudgha.
  6776 | D:8      | Found an iron altar of Okawaru.
  6862 | D:8      | Found a snail-covered altar of Cheibriados.
  7141 | D:9      | Noticed Erica
  7150 | D:9      | Killed Erica
  7151 | D:9      | Reached skill level 18 in Axes
  7152 | D:9      | Reached skill level 1 in Shields
  7327 | D:9      | Reached skill level 5 in Fighting
  7570 | D:9      | Found a burning altar of Makhleb.
  7574 | D:9      | Found a glowing silver altar of Zin.
  7574 | D:9      | Noticed an angel
  7574 | D:9      | Noticed a green death
  7684 | D:9      | Reached ***** piety under Trog
  7760 | D:10     | Entered Level 10 of the Dungeon
  7809 | D:10     | Found a flagged portal.
  7825 | Bailey   | Entered a bailey
  7892 | Bailey   | Reached skill level 5 in Armour
  7892 | Bailey   | Reached XP level 11. HP: 83/89 MP: 10/10
  7959 | Bailey   | Noticed a vault guard
  7968 | Bailey   | Killed a vault guard
  7969 | Bailey   | Reached skill level 5 in Dodging
  7971 | Bailey   | Reached skill level 5 in Shields
  8046 | D:10     | Noticed a centaur warrior
  8054 | D:10     | Killed a centaur warrior
  8235 | D:10     | Found a hazy altar of Hepliaklqana.
  8357 | D:10     | Found a staircase to the Lair.
  8609 | D:10     | Found a runed translucent gate.
  8610 | D:10     | Found a runed translucent gate.
  8610 | D:10     | Noticed ratemal's ghost (novice DrCj)
  8611 | D:10     | Found a runed translucent gate.
  8693 | D:11     | Noticed a boulder beetle
  8707 | D:11     | Killed a boulder beetle
  8707 | D:11     | Noticed Lodul
  8725 | D:11     | Killed Lodul
  8757 | D:11     | Noticed a two-headed ogre
  8761 | D:11     | Killed a two-headed ogre
  8843 | D:11     | Noticed an orc knight
  8881 | D:11     | Killed an orc knight
  8929 | D:11     | Reached XP level 12. HP: 103/103 MP: 11/11
  8944 | D:11     | Found a staircase to the Orcish Mines.
  9031 | D:11     | Noticed Erolcha
  9033 | D:11     | Noticed Nergalle
  9050 | D:11     | Killed Nergalle
  9057 | D:11     | Killed Erolcha
  9169 | D:11     | Noticed a two-headed ogre
  9178 | D:11     | Killed a two-headed ogre
  9995 | Orc:1    | Entered Level 1 of the Orcish Mines
 10476 | Orc:2    | Entered Level 2 of the Orcish Mines
 10476 | Orc:2    | Found a staircase to the Elven Halls.
 10721 | Orc:2    | Received a gift from Trog
 11157 | Orc:2    | Noticed an orc high priest
 11157 | Orc:2    | Noticed Saint Roka
 11486 | Orc:2    | Reached skill level 10 in Fighting
 11778 | Orc:2    | Killed an orc high priest
 11789 | Orc:2    | Killed from afar by Saint Roka

Illustrated notes

Levels and vault maps discovered:
D:1:      dpeg_arrival_stone_temple_mockup, layout_basic, serial_rivers,
          chequers_serial_rivers_room_a, chequers_serial_rivers_room_a,
          chequers_serial_rivers_micro_b, chequers_serial_rivers_micro_e,
          chequers_serial_rivers_micro_d, minmay_misc_feat_encased
D:2:      layout_basic, basic_altar, minmay_cupped
D:3:      layout_basic, mainiacjoe_overflow_brackets, serial_bayou,
          serial_bayou_pond_d, serial_bayou_ford_a, serial_bayou_pond_a,
          serial_bayou_lagoon_a, serial_bayou_pond_b
D:4:      layout_gridville, vehumet_statue, minmay_temple_entry_from_below_a,
          minmay_between
D:5:      layout_rooms, grunt_temple_overflow_forces_of_nature, serial_shops,
          nicolae_shop_waterfront, minmay_fractal_squares_diagonal_5,
          uniq_prince_ribbit1
D:6:      layout_cave_pools, nicolae_uskayaw_dance_studio,
          nicolae_elyvilon_peaceful_grove, uniq_duvessa
D:7:      layout_loops_corners, mainiacjoe_overflow_24_doors, uniq_joseph
D:8:      layout_cave_pods, mainiacjoe_overflow_swirl, cheibrodos_worm_habitat,
          serial_column_ruins, column_ruins_circle_medium, column_ruins_grid_1,
          column_ruins_corridor_corner, column_ruins_grid_1,
          column_ruins_open_tiny, column_ruins_open_small,
          column_ruins_open_medium, column_ruins_corridor_corner,
          minmay_shop_grid_forest
D:9:      layout_loops_ring, grunt_temple_overflow_order_and_chaos_2, uniq_erica
D:10:     layout_loops_ring, nicolae_hepliaklqana_monster_ancestors,
          david_lair_generic, enter_bailey_2, gammafunk_ghost_nasty_kobolds
D:11:     layout_loops_ring, david_orc_5, uniq_erolcha, uniq_nergalle,
          uniq_lodul
Orc:1:    layout_caves, minmay_orc_barracks
Orc:2:    grunt_orc_cross, layout_caves

Skill      XL: |  1  2  3  4  5  6  7  8  9 10 11 12 |
---------------+-------------------------------------+-----
Axes           | 4 5 6 7 8 9 11 14 17 18 | 18.0
Shields        | 4 7 9 |  9.5
Fighting       | 5 8 10 | 10.2
Armour         | 5 8 9 |  9.9
Dodging        | 4 7 9 |  9.0

Action                   |  1- 3 |  4- 6 |  7- 9 | 10-12 || total
-------------------------+-------+-------+-------+-------++-------
Melee: Hand axe          |    88 |    95 |   254 |   200 ||   637
       Headbutt          |     8 |    22 |    29 |   114 ||   173
       Punch             |     3 |     1 |     4 |       ||     8
       Broad axe         |       |       |       |   379 ||   379
Throw: Throwing net      |       |       |       |     1 ||     1
Invok: Berserk           |       |     1 |    11 |    12 ||    24
       Trog's Hand       |       |       |     7 |    11 ||    18
       Brothers in Arms  |       |       |       |     4 ||     4
  Use: Scroll            |     5 |       |     4 |    13 ||    22
       Potion            |       |       |     1 |     1 ||     2
 Stab: Sleeping          |     1 |       |       |       ||     1
Armor: Chain mail        |    57 |    64 |    56 |       ||   177
       Plate armour      |       |       |    92 |   307 ||   399
Dodge: Dodged            |    40 |    40 |    96 |   153 ||   329
Block: Kite shield       |       |       |       |   235 ||   235

Table legend: (Time is in decaauts)
 A = Elapsed time spent in this place.
 B = Non-inter-level travel time spent in this place.
 C = Inter-level travel time spent in this place.
 D = Time resting spent in this place.
 E = Time spent auto-exploring this place.
 F = Levels seen in this place.
 G = Mean time per level.
                   A        B        C        D        E       F      G
               +--------+--------+--------+--------+--------+-----+--------+
         Total |  11840 |  11497 |    343 |   2045 |   6847 |  14 |  845.7 |
       Dungeon |   9903 |   9577 |    326 |   1372 |   6188 |  11 |  900.3 |
  Orcish Mines |   1767 |   1750 |     17 |    673 |    630 |   2 |  883.5 |
        Bailey |    169 |    169 |      0 |      0 |     28 |   1 |  169.0 |
               +--------+--------+--------+--------+--------+-----+--------+

Top non-repeatable levels by time:
    D:11: 1303 daAuts
   Orc:2: 1111 daAuts
     D:8: 1107 daAuts
     D:7: 1063 daAuts
     D:1: 1025 daAuts
     D:5: 915 daAuts
     D:3: 852 daAuts
     D:6: 835 daAuts
     D:9: 795 daAuts
    D:10: 765 daAuts
   Orc:1: 655 daAuts
     D:4: 648 daAuts
     D:2: 592 daAuts
  Bailey: 169 daAuts
